AoeStats
← LitiumJCH

MegaRandom

509246961Analyzed
4v4 RM · 8d ago on Sep 26, 2026· 130m 7s· 8 players
Game mode
Random Map
Map size
Large (8 player)
Population
200
Speed
Normal
Resources
Standard
Victory
Conquest
Starting age
Dark Age
Ending age
Imperial Age
RankedLock teamsTeams togetherTeam positionsShared explorationLock speedFull tech treeHidden civsTurbo modeCheats
Victory
Defeat
🇰🇷 Mongols · South Korea
868
+17
🇺🇸 Danes · United States
848
+17
🇺🇸 Ethiopians · United States
835
+18
🇧🇷 Franks · Brazil
818
+18
🇨🇱 Tupi · Chile
897
-18
🇦🇷 Portuguese · Argentina
890
-18
🇵🇪 Mongols · Peru
874
-17
🇦🇷 Byzantines · Argentina
858
-17
Kayan
LitiumJCH
Raiquen
1:08 Loom
14:22 Feudal Age
19:33 Castle Age
17:53 Horse Collar
17:42 Champi Runner
19:53 Double-Bit Axe
20:38 Champi Warrior
23:00 Squires
23:40 Forging
24:13 Scale Mail Armor
25:54 Iron Casting
26:39 Chain Mail Armor
28:04 Wheelbarrow
30:46 Pikeman
32:52 Gold Mining
48:30 Bow Saw
51:42 Padded Archer Armor
54:25 Fletching
55:07 Bodkin Arrow
56:25 Leather Archer Armor
58:35 Ballistics
65:23 Imperial Age
63:43 Hand Cart
65:39 Elite Blackwood Archer
85:50 Heavy Plow
89:58 Elite Champi Warrior
92:20 Conscription
91:50 Arson
93:47 Plate Mail Armor
Papulopulus
9:37 Loom
11:23 Feudal Age
12:26 Double-Bit Axe
12:24 Horse Collar
12:46 Loom
15:21 Castle Age
19:53 Scale Mail Armor
19:56 Town Watch
20:47 Stone Mining
20:47 Gold Mining
21:12 Bow Saw
23:08 Wheelbarrow
23:28 Fletching
24:10 Forging
27:47 Gold Mining
28:00 Heavy Plow
28:19 Hand Cart
28:51 Bodkin Arrow
29:53 Stone Shaft Mining
30:52 Ballistics
30:36 Pikeman
40:23 Imperial Age
39:14 Guard Tower
39:05 Treadmill Crane
39:36 Masonry
41:56 Conscription
40:58 Elite Organ Gun
41:41 Bracer
42:51 Chain Mail Armor
43:11 Iron Casting
42:51 Guilds
45:13 Keep
45:39 Chemistry
45:11 Architecture
44:51 Arquebus
45:04 Siege Engineers
47:57 Iron Casting
47:52 Plate Mail Armor
46:44 Halberdier
47:10 Arson
47:10 Gambesons
57:00 Architecture
56:27 Murder Holes
61:38 Blast Furnace
60:43 Scale Barding Armor
61:41 Blast Furnace
61:10 Light Cavalry
62:00 Bloodlines
61:51 Husbandry
62:13 Chain Barding Armor
72:06 Two-Man Saw
86:23 Town Patrol
89:16 Bombard Tower
89:24 Circumnavigation
Nick_The_Great16
3:39 Loom
14:38 Feudal Age
16:00 Wheelbarrow
15:16 Double-Bit Axe
15:26 Gold Mining
15:30 Stone Mining
15:23 Horse Collar
23:10 Castle Age
25:52 Hand Cart
25:34 Gambesons
25:50 Squires
25:36 Arson
26:00 Heavy Plow
26:14 Bow Saw
26:21 Hamask
35:29 Forging
35:19 Scale Mail Armor
35:21 Padded Archer Armor
35:12 Fletching
35:28 Scale Barding Armor
35:50 Caravan
39:21 Imperial Age
45:45 Husbandry
46:10 Bloodlines
45:36 Onager
48:19 Light Cavalry
51:19 Conscription
79:12 Elite Jomsviking
92:30 Northmen's Fury
99:53 Heavy Scorpion
103:24 Thumb Ring
114:34 Capped Ram
HeroicShepherd
Dg
1:21 Loom
15:38 Feudal Age
19:22 Wheelbarrow
22:22 Castle Age
20:00 Man-at-Arms
21:59 Forging
22:17 Arson
23:29 Squires
30:36 Crossbowman
30:39 Long Swordsman
31:04 Gambesons
31:12 Double-Bit Axe
32:40 Hand Cart
33:28 Scale Mail Armor
34:04 Iron Casting
33:57 Fletching
37:42 Imperial Age
36:52 Gold Mining
38:59 Husbandry
38:20 Cavalier
39:11 Scale Barding Armor
40:10 Blast Furnace
39:16 Bodkin Arrow
41:03 Padded Archer Armor
41:25 Chain Barding Armor
42:28 Conscription
56:29 Heavy Mounted Crossbowman
56:30 Elite Skirmisher
82:12 Pikeman
85:25 Chain Mail Armor
84:54 Halberdier
93:11 Two-Handed Swordsman
98:59 Plate Mail Armor
98:57 Bow Saw
jhkim91cfa
8:50 Feudal Age
12:17 Double-Bit Axe
12:36 Horse Collar
18:38 Castle Age
18:24 Forging
18:20 Scale Barding Armor
20:39 Bloodlines
20:33 Husbandry
23:20 Iron Casting
24:35 Loom
25:25 Wheelbarrow
24:35 Town Watch
33:54 Hand Cart
33:39 Town Patrol
38:57 Imperial Age
36:25 Light Cavalry
37:13 Heavy Plow
37:26 Bow Saw
37:23 Fletching
38:12 Bodkin Arrow
38:39 Chain Barding Armor
39:59 Hussar
51:54 Blast Furnace
51:45 Caravan
80:05 Pikeman
80:46 Squires
80:54 Scale Mail Armor
Connection lost

Rejoining the realm…

Still unreachable

The connection could not be restored.

Session expired

The server has moved on; the page needs a fresh start.